 Dungeon Crawl Stone Soup version 0.27-a0-1519-gc8121b24ce (webtiles) character file.

Game seed: 6077088622787200637

23776 Johnny the Thaumaturge (level 12, -7/82 HPs)
             Began as a Deep Elf Earth Elementalist on July 10, 2021.
             Was a Believer of Dithmenos.
             Mangled by an eight-headed hydra (8 damage)
             ... on level 2 of the Lair of Beasts.
             The game lasted 00:20:08 (17606 turns).

Johnny the Thaumaturge (DEEE)                      Turns: 17606, Time: 00:20:08

Health: -7/82      AC:  9    Str: 14    XL:     12   Next: 74%
Magic:  5/40       EV: 12    Int: 26    God:    Dithmenos [**....]
Gold:   679        SH:  0    Dex: 17    Spells: 28/38 levels left

rFire    . . .     SeeInvis .   w - +7 dagger (elec)
rCold    . . .     Faith    +   (no shield)
rNeg     . . .     Spirit   .   M - +2 troll leather armour {Snorg}
rPois    .         Reflect  .   n - +1 hat
rElec    +         Harm     .   b - +0 cloak
rCorr    .         Rampage  .   (no gloves)
Will     ++...                  k - +0 pair of boots
Stlth    +++.......             m - amulet "Boxkaus" {Faith rElec Str+5}
HPRegen  1.23/turn              P - ring "Jucviacs" {Will+ Str+4 Dex+2}
MPRegen  0.27/turn              J - ring of magical power

@: wreathed by umbra
A: no striking features
a: Renounce Religion, Shadow Step


You were on level 2 of the Lair of Beasts.
You worshipped Dithmenos.
Dithmenos was pleased with you.
You visited 3 branches of the dungeon, and saw 15 of its levels.
You also visited: Gauntlet.

You collected 679 gold pieces.

Inventory:

Hand Weapons
 d - a +0 dagger of protection
 q - the +8 demon trident "Rift" {distort, reach+}
   (You found it in a Gauntlet)

   It warps and distorts space around it.
   Unwielding it can cause banishment or high damage.
 w - a +7 dagger of electrocution (weapon)
 G - a +2 whip of electrocution
Missiles
 c - 282 stones
 o - 3 throwing nets
Armour
 b - a +0 cloak (worn)
 k - a +0 pair of boots (worn)
 n - a +1 hat (worn)
 r - a +2 leather armour of fire resistance
 A - a +1 ring mail of poison resistance
 L - a +1 robe of willpower
 M - a +2 troll leather armour (worn) {Snorg}
Jewellery
 m - the amulet "Boxkaus" (around neck) {Faith rElec Str+5}
   (You found it in a Gauntlet)

   [amulet of faith]

   It allows you to gain divine favour quickly.
   Str:       It affects your strength (+5).
   rElec:     It insulates you from electricity.
 J - a ring of magical power (right hand)
 O - a ring of protection from cold
 P - the ring "Jucviacs" (left hand) {Will+ Str+4 Dex+2}
   (You found it in a Gauntlet)

   [ring of willpower]

   Str:       It affects your strength (+4).
   Dex:       It affects your dexterity (+2).
   Will:      It increases your willpower.
 T - a ring of resist corrosion
 U - a ring of see invisible
Wands
 D - a wand of paralysis (14)
 E - a wand of polymorph (1)
 F - a wand of mindburst (15)
 H - a wand of flame (18)
Scrolls
 a - a scroll of silence {unknown}
 e - 11 scrolls of teleportation
 i - a scroll of holy word {unknown}
 p - 3 scrolls of fear {unknown}
 t - 2 scrolls of vulnerability {unknown}
 u - a scroll of noise {unknown}
 v - 6 scrolls of enchant armour {unknown}
 x - a scroll of acquirement {unknown}
 y - a scroll of torment {unknown}
 z - a scroll of immolation {unknown}
 B - a scroll of enchant weapon
 Q - a scroll of fog {unknown}
 R - 3 scrolls of amnesia {unknown}
Potions
 f - a potion of brilliance
 g - 3 potions of attraction
 h - 5 potions of flight
 j - 4 potions of might
 l - 3 potions of curing
 C - a potion of heal wounds
 K - 3 potions of haste {unknown}
 N - a potion of berserk rage {unknown}
Miscellaneous
 I - a tin of tremorstones (2/2)


   Skills:
 * Level 12.5 Fighting
 - Level 2.4 Dodging
 - Level 2.4 Stealth
 + Level 13.8 Spellcasting
 - Level 2.0 Conjurations
 - Level 1.1 Transmutations
 + Level 12.1 Earth Magic


You had 28 spell levels left.
You knew the following spells:

 Your Spells              Type           Power      Damage    Failure   Level
a - Sandblast             Erth           100%       2d20      1%          1
b - Stone Arrow           Conj/Erth      100%       3d13      1%          3
c - Blink                 Tloc           N/A        N/A       6%          2
d - Petrify               Tmut/Erth      51%        N/A       2%          4

Your spell library contained the following spells:

 Spells                   Type           Power      Damage    Failure   Level
 Passwall                 Tmut/Erth      42%        N/A       1%          2
 Shock                    Conj/Air       92%        1d8       2%          1
 Pain                     Necr           72%        1d7       4%          1
 Ensorcelled Hibernation  Hex/Ice        36%        N/A       6%          2
 Borgnjor's Vile Clutch   Necr/Erth      24%        N/A       9%          5
 Spider Form              Tmut/Pois      10%        N/A       10%         3
 Lesser Beckoning         Tloc           9%         N/A       12%         3
 Summon Guardian Golem    Hex/Summ       18%        N/A       12%         3
 Swiftness                Air            18%        N/A       12%         3
 Airstrike                Air            9%         N/A       36%         4
 Animate Dead             Necr           9%         N/A       36%         4
 Agony                    Necr           18%        N/A       73%         5
 Excruciating Wounds      Necr           9%         N/A       73%         5
 Manifold Assault         Tloc           18%        N/A       73%         5
 Death Channel            Necr           9%         N/A       99%         6
 Shadow Creatures         Summ           N/A        N/A       99%         6
 Orb of Destruction       Conj           14%        9d7       100%        7
 Spellforged Servitor     Conj/Summ      11%        N/A       100%        7


Dungeon Overview and Level Annotations

Branches:
Dungeon (12/15)            Temple (1/1) D:4            Lair (2/6) D:11
 Spider (0/4) Lair:2          Orc (0/2) D:9         Gauntlet (visited)
  Swamp: Lair:2-4    Shoals: Lair:2-4

Altars:
Ashenzari
Cheibriados
Dithmenos
Elyvilon
Fedhas
Gozag
Hepliaklqana
Kikubaaqudgha
Makhleb
Nemelex Xobeh
Okawaru
Qazlal
Ru
Sif Muna
Trog
Uskayaw
Vehumet
Wu Jian
Xom
Yredelemnul
Zin
The Shining One
Jiyva

Shops:
D:1 [

Annotations:
D:10 Erolcha


Message History

Press: ? - help, Shift-Dir - straight line, f/p - eight-headed hydra
Aim: an eight-headed hydra (lightly wounded, umbra, 94% to hit)
The blast of sand hits the eight-headed hydra!!
The eight-headed hydra is heavily wounded.
The eight-headed hydra bites you but does no damage.
The eight-headed hydra bites you. x2
The eight-headed hydra barely misses you.
The eight-headed hydra bites you! x2; The eight-headed hydra bites you. x2
Casting: Sandblast (safe; 1% risk of failure)
Confirm with . or Enter, or press ? or * to list all spells.
Aiming: Sandblast (safe; 1% risk of failure)
Press: ? - help, Shift-Dir - straight line, f/p - eight-headed hydra
Aim: an eight-headed hydra (heavily wounded, umbra, 94% to hit)
The blast of sand hits the eight-headed hydra!
The eight-headed hydra is severely wounded.
The eight-headed hydra bites you.
The eight-headed hydra bites you but does no damage.
The eight-headed hydra barely misses you. x2
The eight-headed hydra bites you but does no damage.
The eight-headed hydra bites you. The eight-headed hydra bites you!
* * * LOW HITPOINT WARNING * * *
The eight-headed hydra bites you!
* * * LOW HITPOINT WARNING * * *
Casting: Sandblast (safe; 1% risk of failure)
Confirm with . or Enter, or press ? or * to list all spells.
Aiming: Sandblast (safe; 1% risk of failure)
Press: ? - help, Shift-Dir - straight line, f/p - eight-headed hydra
Aim: an eight-headed hydra (severely wounded, umbra, 94% to hit)
The blast of sand hits the eight-headed hydra!!
The eight-headed hydra is almost dead.
A river rat comes into view.
The eight-headed hydra closely misses you.
The eight-headed hydra bites you.
* * * LOW HITPOINT WARNING * * *
The eight-headed hydra barely misses you.
The eight-headed hydra closely misses you.
The eight-headed hydra bites you!
* * * LOW HITPOINT WARNING * * *
The eight-headed hydra bites you!
You die...

#.#.. #... ......
........... .........P.
..........P #..........
###### #....<.....
#@.#.###..........
#...†rD##.#.##..........
.##.##. ##.#............
r# ##.##.......... ##
####..........
#......<.....
####............
#......P#.......
#.....†.........


You could see an eight-headed hydra, a river rat and a quokka.

Vanquished Creatures
  A minotaur (Gauntlet)
  Snorg (D:10)
  A great orb of eyes (Gauntlet)
  3 hydras
  A boulder beetle (D:11)
  3 two-headed ogres
  3 death yaks (Gauntlet)
  A tengu warrior (D:8)
  Pikel (D:7)
  A necromancer (Gauntlet)
  2 ugly things
  A manticore (D:6)
  Maggie (D:10)
  Psyche (D:8)
  A tengu conjurer (D:8)
  A komodo dragon (Lair:2)
  A troll (D:9)
  A polar bear (Lair:2)
  A shadow (D:10)
  Sigmund (D:2)
  A water elemental (D:12)
  3 redbacks (Lair:2)
  17 yaks
  2 wyverns (D:9)
  A basilisk (Lair:2)
  Grum (D:9)
  Menkaure (D:7)
  6 water moccasins
  Duvessa (D:7)
  4 orc warriors
  2 ice beasts
  2 sky beasts
  2 necrophages
  A black bear (Lair:2)
  3 ogres (D:5)
  8 wolves
  3 centaurs
  4 lemures (D:7)
  10 bullfrogs
  2 wyvern zombies
  2 gnoll sergeants
  Dowan (D:7)
  A wyvern skeleton (D:7)
  2 water moccasin skeletons
  4 howler monkeys (D:9)
  4 centaur zombies
  A centaur skeleton (D:4)
  5 hounds
  A gnoll shaman (D:4)
  6 orc priests
  Crazy Yiuf (D:6)
  2 bullfrog skeletons (D:5)
  4 iguanas
  Jessica (D:2)
  3 hell rats (Lair:2)
  16 orc wizards
  A scorpion zombie (D:5)
  2 killer bee zombies
  3 howler monkey zombies
  17 gnolls
  7 adders
  9 river rats (Lair:2)
  5 white imps
  2 ufetubi (D:5)
  A worm (D:2)
  2 dart slugs
  24 orcs
  4 ball pythons
  6 bats
  8 endoplasms
  2 giant cockroaches (D:2)
  8 goblins
  11 hobgoblins
  3 jackals (D:2)
  6 quokkas
  5 frilled lizards
  5 kobolds
  7 rats
293 creatures vanquished.

Vanquished Creatures (others)
  A wizard (Gauntlet)
  An orc (D:7)
  7 fungi
  13 plants
22 creatures vanquished.

Grand Total: 315 creatures vanquished

Notes
Turn   | Place    | Note
-------+----------+-------------------------------------------
     0 | D:1      | Johnny the Deep Elf Earth Elementalist began the quest for
                  | the Orb.
     0 | D:1      | Reached XP level 1. HP: 10/10 MP: 6/6
    83 | D:1      | Found Bohewu Alat's Armour Emporium.
   273 | D:1      | Found a faded altar of an unknown god.
   323 | D:1      | Reached skill level 1 in Fighting
   323 | D:1      | Reached XP level 2. HP: 16/16 MP: 4/8
   745 | D:1      | Reached XP level 3. HP: 17/20 MP: 10/10
  1149 | D:2      | Noticed Sigmund
  1666 | D:3      | HP: 1/21 [killer bee zombie (4)]
  1668 | D:3      | Reached skill level 4 in Spellcasting
  1668 | D:3      | Reached XP level 4. HP: 1/26 MP: 7/12
  2539 | D:3      | Reached XP level 5. HP: 28/31 MP: 11/13
  2814 | D:2      | Learned a level 3 spell: Stone Arrow
  2824 | D:2      | Noticed Jessica
  2829 | D:2      | Killed Jessica
  2833 | D:2      | Killed Sigmund
  2834 | D:2      | Reached skill level 5 in Spellcasting
  2834 | D:2      | Reached XP level 6. HP: 35/37 MP: 6/15
  3161 | D:2      | Learned a level 2 spell: Blink
  3551 | D:4      | Reached skill level 5 in Earth Magic
  3769 | D:4      | Reached XP level 7. HP: 38/43 MP: 17/17
  3923 | D:4      | Found a staircase to the Ecumenical Temple.
  4015 | Temple   | Entered the Ecumenical Temple
  4358 | D:4      | Reached skill level 6 in Spellcasting
  4812 | D:5      | Entered Level 5 of the Dungeon
  4879 | D:5      | Reached skill level 5 in Fighting
  5116 | D:5      | Found a sacrificial altar of Ru.
  5136 | D:5      | Reached XP level 8. HP: 49/49 MP: 9/20
  5279 | D:5      | Reached skill level 7 in Spellcasting
  6361 | D:6      | Reached skill level 8 in Spellcasting
  6430 | D:6      | Noticed a manticore
  6436 | D:6      | Killed a manticore
  6437 | D:6      | Reached XP level 9. HP: 57/57 MP: 7/23
  6556 | D:6      | Found a runed translucent door.
  6557 | D:6      | Noticed Crazy Yiuf
  6586 | D:6      | Found a sparkling altar of Nemelex Xobeh.
  6991 | D:6      | Killed Crazy Yiuf
  7500 | D:7      | Reached skill level 9 in Spellcasting
  7972 | D:7      | Noticed Menkaure
  7976 | D:7      | Killed Menkaure
  7977 | D:7      | Noticed Pikel
  8357 | D:7      | Killed Pikel
  8817 | D:7      | Noticed Duvessa
  8831 | D:7      | Killed Duvessa
  8832 | D:7      | Noticed Dowan
  8847 | D:7      | Killed Dowan
  8995 | D:7      | Reached XP level 10. HP: 64/65 MP: 17/25
  9714 | D:8      | Noticed a tengu warrior
  9822 | D:8      | Reached skill level 10 in Spellcasting
  9956 | D:8      | Noticed Psyche
  9959 | D:8      | Killed Psyche
 10084 | D:8      | HP: 2/65 [tengu warrior[a tengu conjurer] (13)]
 10575 | D:8      | Killed a tengu warrior
 10576 | D:8      | Reached skill level 1 in Conjurations
 11124 | D:9      | Found a staircase to the Orcish Mines.
 11133 | D:9      | Found a broken altar of Ashenzari.
 11285 | D:9      | You fall into a shaft and drop 1 floor!
 11285 | D:10     | Entered Level 10 of the Dungeon
 11285 | D:10     | Noticed Maggie
 11286 | D:10     | Noticed Erolcha
 11480 | D:9      | Found a shadowy altar of Dithmenos.
 11490 | D:9      | Found an ancient bone altar of Kikubaaqudgha.
 11498 | D:9      | Found a burning altar of Makhleb.
 11505 | D:9      | Found a shimmering altar of Xom.
 11513 | D:9      | Found a glowing silver altar of Zin.
 11520 | D:9      | Found a glowing golden altar of the Shining One.
 11526 | D:9      | Found an opulent altar of Gozag.
 11656 | D:9      | Became a worshipper of Dithmenos the Shadowed
 11904 | D:9      | Found a stormy altar of Qazlal.
 12189 | D:9      | Noticed Grum
 12191 | D:9      | Reached skill level 11 in Spellcasting
 12193 | D:9      | Killed Grum
 12972 | D:10     | Noticed Snorg
 12980 | D:10     | Killed Snorg
 12981 | D:10     | Reached skill level 10 in Fighting
 12981 | D:10     | Reached XP level 11. HP: 72/72 MP: 22/28
 13069 | D:10     | Reached skill level 10 in Earth Magic
 13117 | D:10     | Noticed a two-headed ogre
 13121 | D:10     | Killed a two-headed ogre
 13441 | D:10     | Learned a level 4 spell: Petrify
 13484 | D:10     | Killed Maggie
 13702 | D:11     | Noticed a two-headed ogre
 13707 | D:11     | Killed a two-headed ogre
 13782 | D:11     | Found a staircase to the Lair.
 13956 | D:11     | Reached skill level 12 in Spellcasting
 14186 | D:11     | Noticed a five-headed hydra
 14191 | D:11     | Killed a five-headed hydra
 14191 | D:11     | Reached * piety under Dithmenos
 14355 | D:11     | Noticed a boulder beetle
 14373 | D:11     | Killed a boulder beetle
 14685 | D:12     | Noticed a cyan ugly thing
 14692 | D:12     | Killed a cyan ugly thing
 14714 | D:12     | Noticed a two-headed ogre
 14750 | D:11     | Killed a two-headed ogre
 14980 | Lair:1   | Entered Level 1 of the Lair of Beasts
 15161 | Lair:1   | Noticed a five-headed hydra
 15169 | Lair:1   | Killed a five-headed hydra
 15459 | Lair:1   | Reached XP level 12. HP: 80/80 MP: 13/30
 15855 | Lair:2   | Found a gate leading to a gauntlet.
 15870 | Gauntlet | Entered a Gauntlet
 15870 | Gauntlet | Found a transporter.
 15870 | Gauntlet | Found a transporter.
 15879 | Gauntlet | Found a transporter.
 15879 | Gauntlet | Found a transporter.
 15890 | Gauntlet | Found a transporter.
 15897 | Gauntlet | Found a transporter.
 15904 | Gauntlet | Noticed a death yak
 15904 | Gauntlet | Noticed a death yak
 15905 | Gauntlet | Found a transporter.
 15905 | Gauntlet | Noticed a death yak
 15907 | Gauntlet | Found a transporter.
 15907 | Gauntlet | Found a transporter.
 15910 | Gauntlet | Found the +8 demon trident "Rift" {distort, reach+}
 15911 | Gauntlet | Found a transporter.
 15911 | Gauntlet | Noticed a great orb of eyes
 15947 | Gauntlet | Found a transporter.
 15967 | Gauntlet | Found a transporter.
 16012 | Gauntlet | Found a transporter.
 16026 | Gauntlet | Found a transporter.
 16127 | Gauntlet | Found a transporter.
 16141 | Gauntlet | Noticed a catoblepas
 16145 | Gauntlet | Found a transporter.
 16313 | Gauntlet | Killed a death yak
 16321 | Gauntlet | Identified the ring "Jucviacs" {Will+ Str+4 Dex+2}
 16353 | Gauntlet | Identified the ring of Orghoest {rC- Will+ Dex+4 Stlth+}
 16364 | Gauntlet | Killed a death yak
 16365 | Gauntlet | Reached skill level 13 in Spellcasting
 16367 | Gauntlet | Killed a death yak
 16523 | Gauntlet | Killed a great orb of eyes
 16624 | Gauntlet | Identified the amulet "Boxkaus" {Faith rElec Str+5}
 16667 | Gauntlet | Identified the +0 plate armour of Kibilye {rF+}
 16667 | Gauntlet | Noticed a minotaur
 16707 | Gauntlet | Killed a minotaur
 16923 | Lair:2   | Found a hole to the Spider Nest.
 17348 | Lair:2   | Noticed a five-headed hydra
 17356 | Lair:2   | Killed a five-headed hydra
 17576 | Lair:2   | Reached ** piety under Dithmenos
 17598 | Lair:2   | Noticed an eight-headed hydra
 17606 | Lair:2   | HP: 1/82 [eight-headed hydra (12)]
 17606 | Lair:2   | Mangled by an eight-headed hydra

Illustrated notes

Levels and vault maps discovered:
D:1:      minmay_arrival_hallway, layout_rooms, serial_shops,
          nicolae_diamond_shop, shapermc_ecumenical_altar_ellora, minmay_3d_cube
D:2:      layout_loops_ring, uniq_jessica, uniq_sigmund
D:3:      layout_rooms, grunt_ministairs_10, chequers_avenue
D:4:      layout_basic, minmay_temple_entry_large_hall, serial_glass,
          glass_columns_b, glass_columns_b, minmay_misc_feat_room
D:5:      layout_basic, mainiacjoe_overflow_concentric_impassable
D:6:      layout_rooms, mainiacjoe_overflow_chevrons, uniq_crazy_yiuf_cottage
D:7:      layout_layer_cave, uniq_duvessa, uniq_menkaure, uniq_pikel
D:8:      layout_cave_pools, uniq_psyche
D:9:      layout_basic, nicolae_qazlal_general_emergency,
          grunt_temple_overflow_octagram, nicolae_ashenzari_skybound, uniq_grum
D:10:     layout_cave_pools, uniq_erolcha, uniq_snorg, uniq_maggie
D:11:     layout_loops_ring, lair_entry_dummy
D:12:     layout_big_octagon, serial_shops, shop
Temple:   pf_slime_end_temple
Lair:1:   layout_cellular_growth, grunt_megastairs_4
Lair:2:   lemuel_ratsnest, layout_cave_pods,
          nicolae_swamp_entry_splash_gauntlet, spider_nest_entry_webs,
          gauntlet_entry_generic

Skill      XL: |  1  2  3  4  5  6  7  8  9 10 11 12 |
---------------+-------------------------------------+-----
Fighting       | 1 2 3 4 5 7 8 10 11 12 | 12.5
Spellcasting   | 4 5 6 8 9 11 12 13 | 13.8
Earth Magic    | 4 5 6 7 8 9 11 12 | 12.1
Conjurations   | 2 |  2.0
Dodging        | |  2.4
Stealth        | |  2.4
Transmutations | |  1.1

Action                   |  1- 3 |  4- 6 |  7- 9 | 10-12 || total
-------------------------+-------+-------+-------+-------++-------
Melee: Dagger            |    84 |    98 |   106 |    82 ||   370
 Cast: Sandblast         |    35 |    40 |    69 |   104 ||   248
       Stone Arrow       |       |       |    57 |   224 ||   281
       Blink             |       |       |       |    15 ||    15
Evoke: Wand              |       |     1 |     6 |    19 ||    26
  Use: Scroll            |       |       |     1 |    14 ||    15
       Potion            |       |       |       |     7 ||     7
 Stab: Sleeping          |     2 |     5 |       |     1 ||     8
Armor: Robe              |    27 |       |       |       ||    27
       Leather armour    |    27 |    68 |    26 |       ||   121
       Ring mail         |       |       |    54 |    40 ||    94
       Troll leather arm |       |       |       |    60 ||    60
       Skin              |       |       |       |     4 ||     4
Dodge: Dodged            |    81 |    62 |    84 |   131 ||   358

Table legend: (Time is in decaauts)
 A = Elapsed time spent in this place.
 B = Non-inter-level travel time spent in this place.
 C = Inter-level travel time spent in this place.
 D = Time resting spent in this place.
 E = Time spent auto-exploring this place.
 F = Levels seen in this place.
 G = Mean time per level.
                   A        B        C        D        E       F      G
               +--------+--------+--------+--------+--------+-----+--------+
         Total |  17610 |  16980 |    630 |   4145 |  10560 |  16 | 1100.6 |
       Dungeon |  14828 |  14253 |    575 |   3671 |   8857 |  12 | 1235.7 |
        Temple |    157 |    141 |     16 |      0 |    140 |   1 |  157.0 |
          Lair |   1654 |   1616 |     38 |    131 |   1251 |   2 |  827.0 |
      Gauntlet |    970 |    970 |      0 |    343 |    312 |   1 |  970.0 |
               +--------+--------+--------+--------+--------+-----+--------+

Top non-repeatable levels by time:
     D:7: 3075 daAuts
     D:9: 1735 daAuts
     D:5: 1342 daAuts
     D:1: 1323 daAuts
     D:3: 1238 daAuts
     D:4: 1210 daAuts
    D:11: 1036 daAuts
Gauntlet: 970 daAuts
    D:10: 966 daAuts
     D:2: 932 daAuts
  Lair:1: 874 daAuts
     D:8: 861 daAuts
     D:6: 859 daAuts
  Lair:2: 779 daAuts
    D:12: 246 daAuts
